cohdb
Replays
Latest Replays
All Replays
Popular Replays
Top Player Replays
Match Explorer
How It Works
Community
CoH3 Stats
Reddit
Sign in to upload your games and track your stats! →
Sign in with Steam
Match 42873043
Unlisted
Match 42873043
Overview
Messages
Build Orders
End
Panzerpioneer Squad
Kradschützen Motorcycle Team
Panzerpioneer Squad
Selects Battlefield Espionage Battlegroup
Panzerpioneer Squad
Panzerpioneer Squad
Construct Light Support Kompanie
Selects Intel Disruption Beacon
MG34 Team
Fire Support Elements
2.5-tonne Medical Truck
le.IG 18 Mechanized Group
Combat Half-tracks
Pak 38 Anti-tank Gun Team
UH|dun! ツ
FREAK THE DUDE
Gotzendorf
Tehrum
Frostfire
Dad.ergo
0
0
Comments
sign in to comment!
No comments posted yet!